 Dungeon Crawl Stone Soup version 0.30.0-29-ga12c61a403 (webtiles) character file.

Game seed: 17920167345031951366

17863 Nicoed the Bludgeoner (level 12, -5/118 HPs)
             Began as a Minotaur Berserker on June 24, 2023.
             Was a High Priest of Trog.
             Slain by a sun demon (19 damage)
             ... led by a balrug
             ... on level 2 of the Abyss.
             The game lasted 00:15:11 (11554 turns).

Nicoed the Bludgeoner (Minotaur Berserker)         Turns: 11554, Time: 00:15:11

Health: -5/118     AC: 18    Str: 27    XL:     12   Next: 22%
Magic:  11/11      EV: 26    Int:  4    God:    Trog [*****.]
Gold:   1397       SH:  0    Dex: 10    Spells: 11/11 levels left

rFire   . . .        y - +2 dire flail (distort)
rCold   . . .        (shield currently unavailable)
rNeg    . . .        Q - quicksilver dragon scales of Divine Compulsion {Drain Will+ Slay+2 SInv}
rPois   +            (helmet restricted)
rElec   .            u - +0 cloak
rCorr   +            (no gloves)
SInv    +            (no boots)
Will    +....        R - amulet of the acrobat Stlth
                     N - ring of poison resistance
HPRegen 0.39/turn    q - ring of resist corrosion
MPRegen 0.12/turn

%: acrobat
@: about to teleport, acrobatic, very slow
A: horns 2, retaliatory headbutt, iridescent scales 2, robust 1
a: Renounce Religion, Berserk, Trog's Hand, Brothers in Arms


You were on level 2 of the Abyss.
You worshipped Trog.
Trog was extremely pleased with you.
You visited 1 branch of the dungeon, and saw 12 of its levels.
You visited the Abyss 1 time.
You also visited: Bailey.

You collected 1397 gold pieces.

Inventory:

Hand Weapons
 h - a +0 whip of venom
 y - a +2 dire flail of distortion (weapon)
Missiles
 g - a curare-tipped dart
 z - 8 throwing nets (quivered)
Armour
 m - a +0 kite shield
 t - a +0 crystal plate armour
 u - a +0 cloak (worn)
 K - +2 acid dragon scales
 Q - the quicksilver dragon scales of Divine Compulsion (worn) {Drain Will+ Slay+2 SInv}
   (You found it in a bailey)

   Slay:      It affects your accuracy & damage with ranged weapons and melee
   (+2).
   SInv:      It lets you see invisible.
   Drain:     It drains your maximum health when unequipped.
   Will:      It increases your willpower.
Jewellery
 p - a ring of see invisible
 q - a ring of resist corrosion (right hand)
 N - a ring of poison resistance (left hand)
 R - an amulet of the acrobat (around neck)
Wands
 B - a wand of polymorph (30)
 E - a wand of flame (25)
 I - a wand of acid (14)
 J - a wand of roots (21)
Scrolls
 b - 3 scrolls of enchant weapon
 f - a scroll of fear
 i - a scroll of brand weapon {unknown}
 l - a scroll of silence {unknown}
 n - 2 scrolls of vulnerability {unknown}
 o - a scroll of butterflies {unknown}
 v - 8 scrolls of teleportation
 w - a scroll of poison
 F - 2 scrolls of blinking {unknown}
 G - a scroll of fog
 H - a scroll of acquirement {unknown}
 L - a scroll of torment
 M - a scroll of enchant armour
 O - 3 scrolls of immolation
Potions
 a - 2 potions of brilliance
 c - a potion of magic
 d - 8 potions of heal wounds
 e - 2 potions of ambrosia
 j - a potion of degeneration {unknown}
 k - 2 potions of resistance
 r - 3 potions of lignification
 s - 2 potions of curing
 x - a potion of attraction
 A - a potion of invisibility
 C - 6 potions of mutation
 D - a potion of haste
 S - a potion of might {unknown}
 T - a potion of flight {unknown}
 V - a potion of cancellation
Miscellaneous
 P - a lightning rod (4/4)


   Skills:
 + Level 10.8 Fighting
 + Level 19.1 Maces & Flails
 + Level 10.5 Armour
 - Level 3.0 Dodging


You had 11 spell levels left.
You didn't know any spells.
Your spell library was empty.

Dungeon Overview and Level Annotations

Branches:
Dungeon (12/15)            Temple (0/1) D:4            Lair (0/5) D:9
    Orc (0/2) D:12         Bailey (visited)

Altars:
Cheibriados
Dithmenos
Fedhas
Gozag
Hepliaklqana
Kikubaaqudgha
Makhleb
Nemelex Xobeh
Okawaru
Qazlal
Ru
Sif Muna
Trog
Uskayaw
Vehumet
Zin

Shops:
D:7 (

Annotations:
Abyss:1 Josephine


Innate Abilities, Weirdness & Mutations

You have a pair of horns on your head.
You reflexively headbutt those who attack you in melee.
You are mostly covered in iridescent scales. (AC +4)
You are robust. (+10% HP)


Message History

Unknown command.
A sun demon comes into view. x2
A sun demon comes into view.
The sun demon shouts! x3
A balrug comes into view.
It is wielding a +1 demon whip of freezing.
Unknown command.
As you read the scroll of teleportation, it crumbles to dust.
You feel strangely unstable.
You feel the power of the Abyss delaying your translocation!
The balrug shouts!
The balrug gestures at you.
The bolt of fire hits the sun demon.
The sun demon completely resists.
The bolt of fire hits you!!! The spriggan defender zombie hits you.
The sun demon attacks as you move away! The sun demon hits you!
You are engulfed in flames!
* * * LOW HITPOINT WARNING * * *
The spriggan defender zombie misses you.
The sun demon misses you. You furiously retaliate!
You headbutt the sun demon! The balrug gestures at you.
The bolt of fire misses the sun demon. x2; The bolt of fire hits the sun demon.
The sun demon completely resists.
The bolt of fire misses you.
Unknown command.
You enter the shallow water.
Moving in this stuff is going to be slow.
The balrug gestures at you. Something smites you!
* * * LOW HITPOINT WARNING * * *
Unknown command.
Unknown command.
Unknown command.
The sun demon attacks as you move away!
The sun demon hits you but does no damage.
You enter the shallow water.
Moving in this stuff is going to be slow.
Unknown command.
The sun demon attacks as you move away! The sun demon hits you!
* * * LOW HITPOINT WARNING * * *
You are engulfed in flames!!
You die...

#.# ####.##~.♣. ..
......# ..##. #...~~≈.
#.......# # #.# ... ~>..
#........ #.#.
##.#.#####.∩.....#
#...####.~##.#.........#
.##.. .#..~.#..........#
# #...## #3.~.#.#.......#
..#....##3~Z...... ......
... # .
.#.@3≈...2........# # ..
. #...~≈#~##.#...#.... .
.#..##§#.§#.#..#.........
# ### # ####.##...#.###.#
# ..####..... # ####
....#.# # #. . ##. #....


You could see a balrug, 3 sun demons and a spriggan defender zombie.

Vanquished Creatures
  3 two-headed ogres
  2 large abominations (Abyss:2)
  An ugly thing (D:11)
  2 cyclopes (D:11)
  2 unseen horrors
  2 gargoyles (D:10)
  The ghost of Levsong the Insei, a novice MfTm of Fedhas (D:4)
  Maggie (D:6)
  A kobold demonologist (D:12)
  4 trolls
  Prince Ribbit (D:6)
  Grinder (D:6)
  3 shadows
  8 yaks (D:9)
  7 wraiths
  Eustachio (D:4)
  A steam dragon (D:10)
  3 acid dragons (D:10)
  Edmund (D:4)
  3 water moccasins (D:7)
  5 orc warriors
  2 sky beasts
  10 centaurs
  2 ogres
  8 wolves (Bailey)
  A phantom (D:5)
  5 kobold brigands
  3 bullfrogs
  Blork the orc (D:4)
  11 gnoll sergeants
  2 scorpions (D:6)
  2 wights (D:9)
  5 killer bees (D:9)
  4 howler monkeys
  3 hounds
  8 gnoll boudas
  6 orc priests
  3 sleepcaps
  Natasha (thrice) (D:4)
  An iguana (D:5)
  13 orc wizards
  24 gnolls
  6 adders
  2 white imps
  2 ufetubi (D:5)
  2 worms
  A dart slug (D:5)
  34 orcs
  3 bats
  5 endoplasms
  6 giant cockroaches
  6 goblins
  7 hobgoblins
  4 jackals (D:1)
  18 kobolds
  4 quokkas
  7 ball pythons
  3 frilled lizards
  6 rats
286 creatures vanquished.

Notes
Turn   | Place    | Note
-------+----------+-------------------------------------------
     0 | D:1      | Nicoed the Minotaur Berserker began the quest for the Orb.
     0 | D:1      | Reached XP level 1. HP: 19/19 MP: 0/0
    73 | D:1      | Reached XP level 2. HP: 11/27 MP: 1/1
   419 | D:1      | Found a faded altar of an unknown god.
   501 | D:1      | Reached skill level 4 in Maces & Flails
   614 | D:1      | Reached ** piety under Trog
   615 | D:1      | Reached XP level 3. HP: 33/33 MP: 2/2
  1491 | D:2      | Reached XP level 4. HP: 40/40 MP: 3/3
  1669 | D:3      | Reached skill level 5 in Maces & Flails
  2014 | D:3      | Found a sacrificial altar of Ru.
  2020 | D:3      | Found a radiant altar of Vehumet.
  2026 | D:3      | Found an iron altar of Okawaru.
  2104 | D:3      | Found a faded altar of an unknown god.
  2214 | D:3      | Found a shadowy altar of Dithmenos.
  2303 | D:4      | Reached skill level 6 in Maces & Flails
  2303 | D:4      | Reached XP level 5. HP: 39/46 MP: 4/4
  2352 | D:4      | Noticed Edmund
  2355 | D:4      | Killed Edmund
  2356 | D:4      | Reached skill level 7 in Maces & Flails
  2379 | D:4      | Noticed Natasha
  2386 | D:4      | Killed Natasha
  2387 | D:4      | Reached XP level 6. HP: 52/52 MP: 5/5
  2549 | D:4      | Found a runed translucent door.
  2550 | D:4      | Noticed Levsong's ghost (novice MfTm)
  2936 | D:4      | Noticed Eustachio
  2948 | D:4      | Killed Eustachio
  2949 | D:4      | Reached skill level 8 in Maces & Flails
  3198 | D:4      | Noticed Natasha
  3205 | D:4      | Killed Natasha
  3241 | D:4      | Found a shimmering blue altar of Sif Muna.
  3279 | D:4      | Noticed Blork the orc
  3289 | D:4      | Killed Blork the orc
  3290 | D:4      | Reached skill level 9 in Maces & Flails
  3290 | D:4      | Reached XP level 7. HP: 49/59 MP: 6/6
  3339 | D:4      | Found a staircase to the Ecumenical Temple.
  3524 | D:4      | Noticed Natasha
  3528 | D:4      | Killed Natasha
  3580 | D:4      | Killed Levsong's ghost
  3581 | D:4      | Reached skill level 10 in Maces & Flails
  3623 | D:5      | Entered Level 5 of the Dungeon
  3657 | D:5      | Reached *** piety under Trog
  3783 | D:5      | Found a stormy altar of Qazlal.
  3847 | D:5      | Reached skill level 11 in Maces & Flails
  4039 | D:5      | Reached XP level 8. HP: 66/66 MP: 7/7
  4483 | D:6      | Found a glowing silver altar of Zin.
  4596 | D:6      | Noticed Maggie
  4613 | D:6      | Gained mutation: You are partially covered in iridescent
                  | scales. (AC +2) [potion of mutation]
  4613 | D:6      | Gained mutation: You are robust. (+10% HP) [potion of
                  | mutation]
  4613 | D:6      | Gained mutation: You are mostly covered in iridescent
                  | scales. (AC +4) [potion of mutation]
  4621 | D:6      | Killed Maggie
  4622 | D:6      | Reached skill level 12 in Maces & Flails
  4683 | D:6      | Found a blossoming altar of Fedhas.
  4894 | D:6      | Noticed Prince Ribbit
  4900 | D:6      | Killed Prince Ribbit
  4901 | D:6      | Reached skill level 13 in Maces & Flails
  4994 | D:6      | Found an opulent altar of Gozag.
  5276 | D:6      | Found a sparkling altar of Nemelex Xobeh.
  5277 | D:6      | Noticed Grinder
  5280 | D:6      | Paralysed by Grinder for 3 turns
  5286 | D:6      | Killed Grinder
  5287 | D:6      | Reached skill level 14 in Maces & Flails
  5287 | D:6      | Reached XP level 9. HP: 52/78 MP: 8/8
  5466 | D:6      | Identified the +11 spear "Ipuoheim" {venom, rPois rF- Will-
                  | Int+8}
  5883 | D:7      | Found Tochaups's Antique Weapon Shop.
  6014 | D:7      | Found a burning altar of Makhleb.
  6038 | D:7      | Reached skill level 15 in Maces & Flails
  6127 | D:7      | Reached **** piety under Trog
  6157 | D:7      | Found an ancient bone altar of Kikubaaqudgha.
  6716 | D:8      | Reached skill level 16 in Maces & Flails
  6950 | D:8      | Noticed a troll
  6959 | D:8      | Killed a troll
  7004 | D:8      | Found a bloodstained altar of Trog.
  7807 | D:9      | Reached XP level 10. HP: 83/85 MP: 9/9
  7854 | D:9      | Reached skill level 5 in Fighting
  7874 | D:9      | Reached skill level 17 in Maces & Flails
  7911 | D:9      | Found a flagged portal.
  7927 | D:9      | Reached skill level 5 in Armour
  7930 | Bailey   | Entered a bailey
  8229 | Bailey   | Reached ***** piety under Trog
  8241 | Bailey   | HP: 3/138 [gnoll sergeant/+0 glaive (14)]
  8730 | Bailey   | Identified the quicksilver dragon scales of Divine
                  | Compulsion {Drain Will+ Slay+2 SInv}
  8953 | D:9      | Found a staircase to the Lair.
  9252 | D:10     | Entered Level 10 of the Dungeon
  9346 | D:10     | Noticed a gargoyle
  9351 | D:10     | Killed a gargoyle
  9352 | D:10     | Reached XP level 11. HP: 101/101 MP: 10/10
  9391 | D:10     | Found a hazy altar of Hepliaklqana.
  9472 | D:10     | Found a hide-covered altar of Uskayaw.
  9532 | D:10     | Found a snail-covered altar of Cheibriados.
  9548 | D:10     | Noticed Josephine
  9552 | D:10     | Banished Josephine
  9704 | D:10     | Reached skill level 18 in Maces & Flails
  9864 | D:10     | Noticed a two-headed ogre
  9874 | D:10     | Killed a two-headed ogre
  9981 | D:10     | Noticed a two-headed ogre
  9997 | D:10     | Killed a two-headed ogre
 10333 | D:11     | Noticed a white ugly thing
 10347 | D:11     | Killed a white ugly thing
 11134 | D:11     | Reached skill level 10 in Fighting
 11225 | D:12     | Noticed a two-headed ogre
 11231 | D:12     | Killed a two-headed ogre
 11232 | D:12     | Reached XP level 12. HP: 116/116 MP: 11/11
 11258 | D:12     | Reached skill level 10 in Armour
 11436 | D:12     | Found a staircase to the Orcish Mines.
 11467 | Abyss:2  | Cast into level 2 of the Abyss (gnoll sergeant)
 11471 | Abyss:2  | Reached skill level 19 in Maces & Flails
 11544 | Abyss:2  | Noticed a balrug
 11554 | Abyss:2  | Slain by a sun demon

Illustrated notes

Levels and vault maps discovered:
D:1:      minmay_arrival_split_and_join, layout_loops_corners,
          basic_ecumenical_altar
D:2:      layout_rooms
D:3:      layout_loops_ring, nicolae_overflow_ecumenical_swirl, minitemple
D:4:      layout_basic, kennysheep_orc_sif_temple, temple_hall,
          ebering_ghost_reflecting_pool, minmay_a_box_with_orc_wizards_in_it,
          uniq_eustachio, uniq_natasha, uniq_blork_the_orc, uniq_edmund
D:5:      layout_loops_corners, nicolae_qazlal_scattered_showers,
          kennysheep_generic_room_10
D:6:      layout_basic, mainiacjoe_overflow_chevrons, fedhas_ov_isle_minmay,
          nemelex_spade_bored_becter, mainiacjoe_overflow_cross_hatched,
          uniq_maggie, uniq_grinder, uniq_prince_ribbit1
D:7:      layout_gridville, lemuel_crystal_altar, overflow_temple_1_default,
          serial_shops, nicolae_shop_getting_attention
D:8:      layout_basic, bloody_trog
D:9:      layout_rooms, lair_entry_dummy, enter_bailey_2
D:10:     minmay_razor_zed, layout_rooms, mainiacjoe_overflow_tiny_flanked,
          nicolae_hepliaklqana_hazy_memory, amcnicky_altar_gilded,
          uniq_josephine
D:11:     layout_basic
D:12:     layout_basic, kennysheep_orc_monster_closet_entryway
Abyss:2:  base:
D:1

Skill      XL: |  1  2  3  4  5  6  7  8  9 10 11 12 |
---------------+-------------------------------------+-----
Maces & Flails | 4 6 7 9 11 14 16 17 18 19 | 19.1
Fighting       | 4 7 10 | 10.8
Armour         | 3 7 9 10 | 10.5
Dodging        | 3 |  3.0

Action                     |  1- 3 |  4- 6 |  7- 9 | 10-12 || total
---------------------------+-------+-------+-------+-------++-------
  Melee: Mace              |    30 |       |       |       ||    30
         Headbutt          |     8 |     9 |    31 |    50 ||    98
         Whip              |    67 |    88 |     7 |       ||   162
         Punch             |     2 |       |       |       ||     2
         Dire flail        |       |       |   207 |   345 ||   552
 Invoke: Berserk           |       |     1 |     2 |     3 ||     6
         Trog's Hand       |       |       |     1 |     2 ||     3
    Use: Potion            |       |       |     5 |     4 ||     9
         Scroll            |       |       |    10 |     4 ||    14
   Stab: Sleeping          |     1 |       |       |       ||     1
 Armour: Animal skin       |    20 |       |       |       ||    20
         Leather armour    |     3 |       |       |       ||     3
         Ring mail         |       |    13 |       |       ||    13
         Chain mail        |       |    14 |    22 |       ||    36
         Acid dragon scale |       |       |    47 |    59 ||   106
         Quicksilver drago |       |       |       |    74 ||    74
  Dodge: Dodged            |    56 |    24 |    99 |   239 ||   418
  Block: Kite shield       |     2 |    12 |     1 |       ||    15
